[ PARTIDA AOE2 · #459295308 ]
Team RMAztecas vs Turks
[ ANÁLISIS DE REPETICIÓN · EXTRAÍDO DE LA PARTIDA GRABADA ]
Feudal
9:51
Castillos
19:18
Imperial
34:38
| APM promedio | 14.7 |
| APM pico | 29 |
| eAPM promedio | 11.9 |
| Aldeanos / militares | 130 / 94 |
Foco
⚔️ 23.3% · 🌾 76.7%
Jaguar Warrior ×51 · Skirmisher ×30 · Trade Cart ×10 · Trebuchet (Packed) ×6 · Mangonel ×6 · Monk ×1
Feudal
14:33
Castillos
20:12
Imperial
34:30
| APM promedio | 8.8 |
| APM pico | 24 |
| eAPM promedio | 7.3 |
| Aldeanos / militares | 73 / 41 |
Foco
⚔️ 25.1% · 🌾 74.9%
Scorpion ×38 · Trebuchet (Packed) ×3 · Trade Cart ×2
Feudal
15:42
Castillos
26:44
Imperial
—
| APM promedio | 6.2 |
| APM pico | 27 |
| eAPM promedio | 5.0 |
| Aldeanos / militares | 49 / 32 |
Foco
⚔️ 23.4% · 🌾 76.6%
Militia ×32 · Trade Cart ×11
Feudal
10:54
Castillos
17:23
Imperial
28:32
| APM promedio | 18.1 |
| APM pico | 45 |
| eAPM promedio | 14.4 |
| Aldeanos / militares | 103 / 190 |
Foco
⚔️ 38.7% · 🌾 61.3%
Knight ×123 · Skirmisher ×36 · Throwing Axeman ×21 · Trade Cart ×9 · Trebuchet (Packed) ×7 · Monk ×3
Feudal
16:26
Castillos
21:34
Imperial
28:35
| APM promedio | 17.5 |
| APM pico | 87 |
| eAPM promedio | 7.3 |
| Aldeanos / militares | 58 / 55 |
Foco
⚔️ 29.3% · 🌾 70.7%
Janissary ×48 · Trade Cart ×14 · Bombard Cannon ×7
Feudal
13:07
Castillos
23:53
Imperial
—
| APM promedio | 24.1 |
| APM pico | 106 |
| eAPM promedio | 11.9 |
| Aldeanos / militares | 100 / 36 |
Foco
⚔️ 20.7% · 🌾 79.3%
Petard ×23 · Ballista Elephant ×11 · Battering Ram ×2
Mapa de la partida
Recursos iniciales + cada clic de construcción. Líneas = muros · curvas = relieve. ◆ oro · ⬟ piedra · ● bayas · ✦ reliquia · ◌ hueco del cierre
Tu base· ✓ Cerrada en 19:18 · 0t muro · 3 puerta(s)
Base de DreadTiara79700· ✓ Cerrada en 20:12 · 0t muro · 2 puerta(s)
Base de VianneyFroG4ME· ✓ Cerrada en 26:44 · 0t muro · 2 puerta(s)
Base de Rama· ✓ Cerrada en 17:23 · 0t muro · 2 puerta(s)
Base de cortesz6· ✓ Cerrada en 21:34 · 1t muro · 3 puerta(s)
Base de Sisu.sukha· ✓ Cerrada en 23:53 · 0t muro · 2 puerta(s)
Terreno inicial suavizado · ◌ = hueco del cierre detectado · pasá el cursor para detalles
Inputs por minuto
— Mossy - - DreadTiara79700
Build order — Mossy
Primeras 150 de 355 acciones detectadas
| 0:05 | Crear | Villager (Male) |
| 0:05 | Crear | Villager (Male) |
| 0:06 | Crear | Villager (Male) |
| 0:07 | Construir | House |
| 0:08 | Construir | House |
| 0:17 | Crear | Villager (Male) |
| 1:25 | Crear | Villager (Male) |
| 1:51 | Crear | Villager (Male) |
| 1:55 | Construir | Lumber Camp |
| 2:27 | Crear | Villager (Male) |
| 2:51 | Crear | Villager (Male) |
| 3:11 | Crear | Villager (Male) |
| 3:48 | Construir | House |
| 3:48 | Construir | House |
| 3:56 | Crear | Villager (Male) |
| 3:57 | Crear | Villager (Male) |
| 3:57 | Crear | Villager (Male) |
| 4:33 | Crear | Villager (Male) |
| 4:33 | Crear | Villager (Male) |
| 5:29 | Crear | Villager (Male) |
| 5:29 | Crear | Villager (Male) |
| 5:43 | Construir | Mill |
| 6:11 | Crear | Villager (Male) |
| 6:16 | Crear | Villager (Male) |
| 6:16 | Investigar | Loom |
| 7:23 | Construir | Mill |
| 7:27 | Investigar | Feudal Age |
| 7:54 | Crear | Villager (Male) |
| 7:54 | Crear | Villager (Male) |
| 8:39 | Crear | Villager (Male) |
| 8:39 | Crear | Villager (Male) |
| 8:51 | Construir | House |
| 9:51 | Edad | Edad Feudal |
| 10:26 | Construir | Mining Camp |
| 10:33 | Investigar | Double-Bit Axe |
| 10:34 | Investigar | Horse Collar |
| 11:14 | Construir | House |
| 11:15 | Construir | House |
| 11:24 | Construir | Farm |
| 11:29 | Construir | Farm |
| 11:31 | Crear | Villager (Male) |
| 11:31 | Crear | Villager (Male) |
| 11:32 | Crear | Villager (Male) |
| 12:07 | Construir | Farm |
| 12:22 | Construir | Farm |
| 12:24 | Construir | Farm |
| 12:25 | Construir | Farm |
| 12:26 | Construir | Farm |
| 12:27 | Construir | Farm |
| 12:29 | Construir | Farm |
| 12:34 | Crear | Villager (Male) |
| 12:34 | Crear | Villager (Male) |
| 13:09 | Construir | Lumber Camp |
| 13:20 | Crear | Villager (Male) |
| 13:20 | Crear | Villager (Male) |
| 14:24 | Construir | Blacksmith |
| 14:33 | Investigar | Wheelbarrow |
| 15:19 | Crear | Villager (Male) |
| 15:20 | Crear | Villager (Male) |
| 15:20 | Crear | Villager (Male) |
| 15:37 | Construir | Market |
| 16:07 | Crear | Villager (Male) |
| 16:27 | Investigar | Forging |
| 16:27 | Investigar | Scale Mail Armor |
| 16:38 | Investigar | Castle Age |
| 16:51 | Construir | House |
| 16:54 | Construir | House |
| 17:36 | Construir | Farm |
| 17:37 | Construir | Farm |
| 17:37 | Construir | Farm |
| 17:38 | Construir | Farm |
| 17:40 | Crear | Villager (Male) |
| 17:41 | Crear | Villager (Male) |
| 17:41 | Crear | Villager (Male) |
| 17:44 | Investigar | Town Watch |
| 17:58 | Construir | Barracks |
| 18:36 | Investigar | Scale Mail Armor |
| 18:36 | Investigar | Forging |
| 19:12 | Construir | Barracks |
| 19:14 | Construir | Barracks |
| 19:17 | Construir | Barracks |
| 19:18 | Edad | Edad de los Castillos |
| 19:21 | Crear | Villager (Male) |
| 19:21 | Crear | Villager (Male) |
| 19:22 | Crear | Villager (Male) |
| 19:36 | Construir | Town Center |
| 19:44 | Investigar | Chain Mail Armor |
| 20:15 | Construir | Mining Camp |
| 20:18 | Investigar | Gold Mining |
| 20:21 | Crear | Villager (Male) |
| 20:22 | Crear | Villager (Male) |
| 20:22 | Crear | Villager (Male) |
| 20:33 | Investigar | Bow Saw |
| 20:46 | Investigar | Heavy Plow |
| 21:35 | Construir | Monastery |
| 21:47 | Investigar | Eagle Warrior (upgrade) |
| 21:52 | Investigar | Squires |
| 21:58 | Crear | Villager (Male) |
| 21:58 | Crear | Villager (Male) |
| 22:13 | Crear | Villager (Male) |
| 22:23 | Construir | Lumber Camp |
| 22:26 | Crear | Monk |
| 22:29 | Crear | Villager (Male) |
| 22:29 | Crear | Villager (Male) |
| 22:29 | Crear | Villager (Male) |
| 22:46 | Crear | Villager (Male) |
| 22:47 | Crear | Villager (Male) |
| 22:50 | Construir | Farm |
| 22:50 | Construir | Farm |
| 22:50 | Construir | Farm |
| 22:50 | Construir | Farm |
| 22:51 | Construir | Farm |
| 22:51 | Construir | Farm |
| 22:51 | Construir | Farm |
| 22:51 | Construir | Farm |
| 22:57 | Crear | Villager (Male) |
| 23:13 | Construir | House |
| 23:14 | Construir | House |
| 23:15 | Construir | House |
| 23:48 | Crear | Villager (Male) |
| 23:48 | Crear | Villager (Male) |
| 23:50 | Crear | Villager (Male) |
| 23:50 | Crear | Villager (Male) |
| 24:13 | Construir | Farm |
| 24:17 | Construir | Farm |
| 24:19 | Crear | Villager (Male) |
| 24:20 | Crear | Villager (Male) |
| 24:21 | Crear | Villager (Male) |
| 24:22 | Crear | Villager (Male) |
| 24:43 | Investigar | Stone Mining |
| 25:00 | Construir | Farm |
| 25:00 | Construir | Farm |
| 25:00 | Construir | Farm |
| 25:01 | Construir | Farm |
| 25:01 | Construir | Farm |
| 25:02 | Construir | Farm |
| 25:05 | Crear | Villager (Male) |
| 25:05 | Crear | Villager (Male) |
| 25:07 | Crear | Villager (Male) |
| 25:07 | Crear | Villager (Male) |
| 26:13 | Crear | Villager (Male) |
| 26:14 | Crear | Villager (Male) |
| 26:14 | Crear | Villager (Male) |
| 26:17 | Investigar | Hand Cart |
| 26:18 | Crear | Villager (Male) |
| 26:19 | Crear | Villager (Male) |
| 26:19 | Crear | Villager (Male) |
| 26:34 | Construir | Lumber Camp |
| 26:39 | Construir | House |
| 26:39 | Construir | House |
Build order — DreadTiara79700
Primeras 150 de 218 acciones detectadas
| 1:18 | Investigar | Loom |
| 1:19 | Crear | Villager (Male) |
| 1:19 | Crear | Villager (Male) |
| 1:20 | Crear | Villager (Male) |
| 1:20 | Crear | Villager (Male) |
| 2:04 | Construir | House |
| 2:06 | Construir | House |
| 2:09 | Construir | House |
| 2:13 | Construir | House |
| 2:16 | Construir | House |
| 3:23 | Crear | Villager (Male) |
| 4:26 | Crear | Villager (Male) |
| 4:26 | Crear | Villager (Male) |
| 4:54 | Crear | Villager (Male) |
| 5:33 | Crear | Villager (Male) |
| 5:33 | Crear | Villager (Male) |
| 6:02 | Construir | Mill |
| 6:07 | Crear | Villager (Male) |
| 6:07 | Crear | Villager (Male) |
| 6:28 | Crear | Villager (Male) |
| 7:28 | Construir | Lumber Camp |
| 7:38 | Crear | Villager (Male) |
| 7:38 | Crear | Villager (Male) |
| 7:39 | Crear | Villager (Male) |
| 8:16 | Construir | Farm |
| 8:43 | Construir | Farm |
| 8:47 | Crear | Villager (Male) |
| 8:47 | Crear | Villager (Male) |
| 8:47 | Crear | Villager (Male) |
| 9:06 | Construir | Farm |
| 9:19 | Crear | Villager (Male) |
| 9:26 | Construir | Farm |
| 9:30 | Crear | Villager (Male) |
| 9:53 | Construir | Farm |
| 9:58 | Crear | Villager (Male) |
| 9:58 | Crear | Villager (Male) |
| 10:56 | Construir | Farm |
| 11:07 | Construir | Farm |
| 11:17 | Construir | Farm |
| 12:23 | Investigar | Feudal Age |
| 12:51 | Construir | House |
| 12:55 | Construir | House |
| 12:57 | Construir | House |
| 14:33 | Edad | Edad Feudal |
| 15:00 | Construir | Market |
| 15:05 | Crear | Villager (Male) |
| 15:05 | Crear | Villager (Male) |
| 15:39 | Construir | Blacksmith |
| 15:53 | Crear | Villager (Male) |
| 16:21 | Construir | Mining Camp |
| 17:05 | Construir | Mining Camp |
| 17:32 | Investigar | Castle Age |
| 17:33 | Investigar | Wheelbarrow |
| 18:14 | Crear | Villager (Male) |
| 18:14 | Crear | Villager (Male) |
| 18:51 | Investigar | Stone Mining |
| 19:31 | Investigar | Gold Mining |
| 19:36 | Investigar | Horse Collar |
| 19:50 | Crear | Villager (Male) |
| 19:50 | Crear | Villager (Male) |
| 19:50 | Crear | Villager (Male) |
| 19:51 | Crear | Villager (Male) |
| 20:12 | Edad | Edad de los Castillos |
| 21:18 | Construir | Town Center |
| 21:57 | Crear | Villager (Male) |
| 21:57 | Crear | Villager (Male) |
| 21:58 | Crear | Villager (Male) |
| 22:54 | Investigar | Hand Cart |
| 23:07 | Crear | Villager (Male) |
| 23:07 | Crear | Villager (Male) |
| 23:07 | Crear | Villager (Male) |
| 23:32 | Crear | Villager (Male) |
| 23:51 | Construir | Farm |
| 24:23 | Construir | Castle |
| 24:55 | Construir | Castle |
| 25:21 | Construir | Town Center |
| 25:33 | Investigar | Heavy Plow |
| 25:39 | Crear | Villager (Male) |
| 25:39 | Crear | Villager (Male) |
| 25:40 | Crear | Villager (Male) |
| 25:40 | Crear | Villager (Male) |
| 25:40 | Crear | Villager (Male) |
| 25:44 | Crear | Villager (Male) |
| 26:14 | Crear | Villager (Male) |
| 26:14 | Crear | Villager (Male) |
| 26:30 | Construir | Farm |
| 26:32 | Construir | Farm |
| 26:35 | Construir | Farm |
| 26:38 | Construir | Farm |
| 26:40 | Construir | Farm |
| 26:43 | Construir | Farm |
| 26:48 | Construir | Farm |
| 26:50 | Construir | Farm |
| 27:00 | Construir | Farm |
| 27:02 | Construir | Farm |
| 27:15 | Crear | Villager (Male) |
| 27:15 | Crear | Villager (Male) |
| 27:19 | Crear | Villager (Male) |
| 27:19 | Crear | Villager (Male) |
| 27:19 | Crear | Villager (Male) |
| 27:19 | Crear | Villager (Male) |
| 27:46 | Crear | Villager (Male) |
| 27:46 | Crear | Villager (Male) |
| 27:47 | Crear | Villager (Male) |
| 27:53 | Crear | Villager (Male) |
| 27:53 | Crear | Villager (Male) |
| 27:53 | Crear | Villager (Male) |
| 27:54 | Crear | Villager (Male) |
| 28:59 | Crear | Villager (Male) |
| 28:59 | Crear | Villager (Male) |
| 29:30 | Construir | Castle |
| 30:21 | Construir | Farm |
| 30:32 | Construir | Farm |
| 30:41 | Construir | Farm |
| 30:48 | Construir | Farm |
| 31:00 | Construir | Farm |
| 31:02 | Construir | Farm |
| 31:04 | Construir | Farm |
| 31:11 | Construir | Farm |
| 31:20 | Investigar | Imperial Age |
| 33:01 | Investigar | Forging |
| 33:02 | Investigar | Scale Mail Armor |
| 33:03 | Investigar | Fletching |
| 33:04 | Investigar | Padded Archer Armor |
| 33:38 | Crear | Villager (Male) |
| 33:38 | Crear | Villager (Male) |
| 33:39 | Crear | Villager (Male) |
| 33:39 | Crear | Villager (Male) |
| 34:14 | Construir | House |
| 34:16 | Construir | House |
| 34:18 | Construir | House |
| 34:20 | Construir | House |
| 34:22 | Construir | House |
| 34:23 | Construir | House |
| 34:25 | Construir | House |
| 34:26 | Construir | House |
| 34:28 | Construir | House |
| 34:30 | Edad | Edad Imperial |
| 34:31 | Construir | House |
| 34:32 | Construir | House |
| 34:34 | Construir | House |
| 34:36 | Construir | House |
| 34:38 | Construir | House |
| 34:41 | Construir | House |
| 34:43 | Construir | House |
| 34:46 | Construir | House |
| 34:48 | Construir | House |
| 34:50 | Construir | House |
| 35:10 | Construir | Siege Workshop |
| 35:12 | Construir | Siege Workshop |
Build order — VianneyFroG4ME
Primeras 150 de 161 acciones detectadas
| 0:09 | Construir | House |
| 0:10 | Construir | House |
| 0:12 | Construir | House |
| 0:27 | Investigar | Loom |
| 0:28 | Crear | Villager (Male) |
| 0:28 | Crear | Villager (Male) |
| 0:29 | Crear | Villager (Male) |
| 0:29 | Crear | Villager (Male) |
| 0:29 | Crear | Villager (Male) |
| 1:51 | Construir | House |
| 1:53 | Construir | House |
| 1:56 | Construir | House |
| 2:23 | Crear | Villager (Male) |
| 2:59 | Crear | Villager (Male) |
| 3:26 | Construir | Mill |
| 3:36 | Crear | Villager (Male) |
| 4:25 | Crear | Villager (Male) |
| 4:57 | Crear | Villager (Male) |
| 5:15 | Crear | Villager (Male) |
| 5:37 | Crear | Villager (Male) |
| 5:54 | Crear | Villager (Male) |
| 6:26 | Crear | Villager (Male) |
| 6:46 | Crear | Villager (Male) |
| 7:31 | Construir | Lumber Camp |
| 7:46 | Crear | Villager (Male) |
| 7:47 | Crear | Villager (Male) |
| 8:05 | Construir | Mill |
| 8:16 | Crear | Villager (Male) |
| 8:42 | Crear | Villager (Male) |
| 9:07 | Crear | Villager (Male) |
| 9:36 | Crear | Villager (Male) |
| 9:51 | Construir | Lumber Camp |
| 10:13 | Crear | Villager (Male) |
| 10:34 | Construir | Mill |
| 10:47 | Crear | Villager (Male) |
| 10:47 | Crear | Villager (Male) |
| 11:16 | Crear | Villager (Male) |
| 11:40 | Crear | Villager (Male) |
| 12:06 | Crear | Villager (Male) |
| 12:31 | Crear | Villager (Male) |
| 12:56 | Crear | Villager (Male) |
| 13:23 | Construir | House |
| 13:26 | Construir | House |
| 13:27 | Construir | House |
| 13:32 | Investigar | Feudal Age |
| 13:38 | Construir | Mill |
| 13:45 | Crear | Villager (Male) |
| 13:46 | Crear | Villager (Male) |
| 14:53 | Construir | Mill |
| 15:01 | Construir | House |
| 15:02 | Construir | House |
| 15:42 | Edad | Edad Feudal |
| 15:44 | Construir | House |
| 15:50 | Investigar | Double-Bit Axe |
| 16:19 | Crear | Villager (Male) |
| 16:56 | Construir | Barracks |
| 17:00 | Crear | Villager (Male) |
| 17:00 | Crear | Villager (Male) |
| 17:05 | Crear | Villager (Male) |
| 17:30 | Construir | Farm |
| 17:31 | Crear | Villager (Male) |
| 17:42 | Investigar | Wheelbarrow |
| 17:42 | Investigar | Town Watch |
| 17:45 | Crear | Villager (Male) |
| 17:55 | Construir | Farm |
| 17:56 | Investigar | Horse Collar |
| 18:53 | Construir | Farm |
| 18:57 | Construir | Farm |
| 19:01 | Construir | Farm |
| 19:07 | Construir | Barracks |
| 19:10 | Investigar | Man-at-Arms (upgrade) |
| 19:11 | Crear | Militia |
| 19:12 | Crear | Militia |
| 19:17 | Construir | Farm |
| 19:20 | Construir | Farm |
| 19:24 | Construir | Farm |
| 19:28 | Construir | Farm |
| 19:31 | Construir | Farm |
| 19:39 | Crear | Villager (Male) |
| 20:10 | Construir | Blacksmith |
| 20:34 | Construir | Farm |
| 20:35 | Crear | Villager (Male) |
| 20:36 | Crear | Villager (Male) |
| 20:42 | Construir | Barracks |
| 20:45 | Crear | Militia |
| 20:45 | Crear | Militia |
| 20:47 | Crear | Militia |
| 21:07 | Crear | Villager (Male) |
| 21:36 | Investigar | Forging |
| 21:36 | Investigar | Scale Mail Armor |
| 21:44 | Construir | House |
| 21:54 | Construir | Barracks |
| 21:56 | Crear | Militia |
| 21:56 | Crear | Militia |
| 21:57 | Crear | Militia |
| 21:59 | Crear | Militia |
| 22:02 | Construir | Farm |
| 22:05 | Construir | Farm |
| 22:22 | Construir | Farm |
| 22:26 | Construir | Farm |
| 22:30 | Construir | Farm |
| 22:34 | Construir | Farm |
| 22:38 | Construir | Farm |
| 22:39 | Crear | Villager (Male) |
| 22:40 | Crear | Villager (Male) |
| 22:51 | Construir | Market |
| 23:01 | Construir | House |
| 23:10 | Construir | Farm |
| 23:11 | Crear | Villager (Male) |
| 23:52 | Construir | Barracks |
| 23:53 | Crear | Militia |
| 23:54 | Crear | Militia |
| 23:54 | Crear | Militia |
| 24:00 | Construir | Farm |
| 24:04 | Investigar | Castle Age |
| 24:10 | Investigar | Fletching |
| 24:17 | Crear | Trade Cart |
| 24:17 | Crear | Trade Cart |
| 25:06 | Construir | Barracks |
| 25:09 | Crear | Militia |
| 25:09 | Crear | Militia |
| 25:09 | Crear | Militia |
| 25:10 | Crear | Militia |
| 25:10 | Crear | Militia |
| 25:10 | Crear | Militia |
| 25:10 | Crear | Militia |
| 25:10 | Crear | Militia |
| 25:11 | Crear | Militia |
| 25:11 | Crear | Militia |
| 25:11 | Crear | Militia |
| 25:11 | Crear | Militia |
| 25:17 | Construir | Market |
| 25:42 | Crear | Trade Cart |
| 25:43 | Crear | Trade Cart |
| 26:10 | Construir | Barracks |
| 26:24 | Crear | Trade Cart |
| 26:24 | Crear | Trade Cart |
| 26:35 | Construir | House |
| 26:41 | Crear | Trade Cart |
| 26:41 | Crear | Trade Cart |
| 26:44 | Edad | Edad de los Castillos |
| 26:50 | Crear | Villager (Male) |
| 26:51 | Crear | Villager (Male) |
| 27:16 | Construir | Castle |
| 28:12 | Investigar | Long Swordsman (upgrade) |
| 28:15 | Crear | Militia |
| 28:15 | Crear | Militia |
| 28:16 | Crear | Militia |
| 28:16 | Crear | Militia |
| 28:16 | Crear | Militia |
Build order — Rama
Primeras 150 de 472 acciones detectadas
| 0:03 | Construir | House |
| 0:03 | Construir | House |
| 0:06 | Crear | Villager (Male) |
| 0:06 | Crear | Villager (Male) |
| 0:07 | Crear | Villager (Male) |
| 0:07 | Crear | Villager (Male) |
| 0:07 | Crear | Villager (Male) |
| 1:44 | Crear | Villager (Male) |
| 1:44 | Crear | Villager (Male) |
| 2:13 | Crear | Villager (Male) |
| 2:39 | Crear | Villager (Male) |
| 2:52 | Construir | Lumber Camp |
| 3:04 | Crear | Villager (Male) |
| 3:04 | Crear | Villager (Male) |
| 3:24 | Crear | Villager (Male) |
| 3:25 | Crear | Villager (Male) |
| 3:39 | Construir | Mill |
| 4:01 | Crear | Villager (Male) |
| 4:01 | Crear | Villager (Male) |
| 4:35 | Crear | Villager (Male) |
| 4:36 | Crear | Villager (Male) |
| 4:41 | Construir | House |
| 4:42 | Construir | House |
| 5:09 | Crear | Villager (Male) |
| 5:10 | Crear | Villager (Male) |
| 5:10 | Crear | Villager (Male) |
| 5:42 | Crear | Villager (Male) |
| 5:58 | Crear | Villager (Male) |
| 6:02 | Crear | Villager (Male) |
| 6:39 | Construir | Farm |
| 6:43 | Crear | Villager (Male) |
| 6:44 | Crear | Villager (Male) |
| 7:01 | Crear | Villager (Male) |
| 7:02 | Crear | Villager (Male) |
| 7:53 | Construir | Farm |
| 8:40 | Construir | Farm |
| 8:44 | Investigar | Feudal Age |
| 8:48 | Construir | Mining Camp |
| 8:56 | Construir | Farm |
| 9:31 | Construir | House |
| 9:31 | Construir | House |
| 9:32 | Construir | House |
| 9:54 | Crear | Villager (Male) |
| 9:54 | Crear | Villager (Male) |
| 10:54 | Edad | Edad Feudal |
| 10:57 | Crear | Villager (Male) |
| 10:57 | Crear | Villager (Male) |
| 11:07 | Construir | Market |
| 11:36 | Crear | Villager (Male) |
| 11:52 | Construir | Blacksmith |
| 12:14 | Construir | Farm |
| 12:47 | Construir | Mining Camp |
| 12:58 | Crear | Villager (Male) |
| 13:12 | Crear | Villager (Male) |
| 13:17 | Construir | Farm |
| 13:33 | Construir | Farm |
| 13:41 | Crear | Villager (Male) |
| 14:01 | Crear | Villager (Male) |
| 14:41 | Construir | Lumber Camp |
| 14:43 | Investigar | Castle Age |
| 15:02 | Investigar | Double-Bit Axe |
| 15:18 | Construir | Farm |
| 15:34 | Construir | Farm |
| 15:37 | Construir | Farm |
| 15:52 | Construir | Farm |
| 16:12 | Investigar | Loom |
| 16:12 | Crear | Villager (Male) |
| 16:12 | Crear | Villager (Male) |
| 16:12 | Crear | Villager (Male) |
| 16:12 | Crear | Villager (Male) |
| 17:23 | Edad | Edad de los Castillos |
| 17:30 | Investigar | Gold Mining |
| 17:30 | Investigar | Stone Mining |
| 17:38 | Construir | Town Center |
| 17:52 | Investigar | Bow Saw |
| 18:01 | Investigar | Town Watch |
| 18:49 | Investigar | Wheelbarrow |
| 18:58 | Investigar | Wheelbarrow |
| 18:59 | Crear | Villager (Male) |
| 19:00 | Crear | Villager (Male) |
| 19:00 | Crear | Villager (Male) |
| 19:22 | Crear | Villager (Male) |
| 19:32 | Construir | Farm |
| 19:51 | Crear | Villager (Male) |
| 19:54 | Crear | Villager (Male) |
| 19:55 | Crear | Villager (Male) |
| 20:03 | Construir | Monastery |
| 20:46 | Construir | Castle |
| 20:51 | Construir | Farm |
| 20:53 | Crear | Villager (Male) |
| 20:53 | Crear | Villager (Male) |
| 20:59 | Construir | House |
| 21:00 | Construir | House |
| 21:00 | Construir | House |
| 21:01 | Construir | House |
| 21:02 | Crear | Monk |
| 21:02 | Crear | Monk |
| 21:07 | Construir | Farm |
| 21:11 | Construir | House |
| 21:11 | Construir | House |
| 21:12 | Construir | House |
| 21:12 | Construir | House |
| 21:12 | Construir | House |
| 21:12 | Construir | House |
| 21:13 | Construir | House |
| 21:13 | Construir | House |
| 21:13 | Construir | House |
| 21:13 | Construir | House |
| 21:14 | Construir | House |
| 21:14 | Construir | House |
| 21:20 | Crear | Villager (Male) |
| 21:20 | Crear | Villager (Male) |
| 21:30 | Investigar | Stone Mining |
| 21:32 | Crear | Villager (Male) |
| 21:33 | Crear | Villager (Male) |
| 21:50 | Crear | Villager (Male) |
| 21:50 | Crear | Villager (Male) |
| 22:04 | Construir | Farm |
| 22:25 | Crear | Villager (Male) |
| 22:28 | Construir | Farm |
| 22:34 | Crear | Villager (Male) |
| 22:34 | Crear | Villager (Male) |
| 22:57 | Construir | University |
| 22:59 | Crear | Trade Cart |
| 23:18 | Construir | Mining Camp |
| 23:32 | Construir | Farm |
| 23:49 | Construir | Farm |
| 23:52 | Construir | Farm |
| 23:54 | Construir | Farm |
| 24:02 | Construir | House |
| 24:03 | Construir | House |
| 24:03 | Construir | House |
| 24:07 | Crear | Monk |
| 24:36 | Construir | Farm |
| 24:41 | Construir | Farm |
| 24:47 | Construir | Farm |
| 24:48 | Crear | Villager (Male) |
| 24:48 | Crear | Villager (Male) |
| 24:48 | Crear | Villager (Male) |
| 24:52 | Construir | Farm |
| 24:57 | Crear | Villager (Male) |
| 24:58 | Crear | Villager (Male) |
| 25:21 | Investigar | Imperial Age |
| 25:41 | Construir | Town Center |
| 25:47 | Construir | House |
| 25:49 | Construir | Farm |
| 25:57 | Crear | Villager (Male) |
| 25:58 | Crear | Villager (Male) |
| 26:10 | Investigar | Scale Barding Armor |
| 26:10 | Investigar | Forging |
Build order — cortesz6
Primeras 150 de 224 acciones detectadas
| 0:06 | Crear | Villager (Male) |
| 0:07 | Investigar | Loom |
| 0:07 | Crear | Villager (Male) |
| 0:07 | Crear | Villager (Male) |
| 0:08 | Crear | Villager (Male) |
| 0:08 | Crear | Villager (Male) |
| 0:15 | Construir | House |
| 0:16 | Construir | House |
| 0:19 | Construir | House |
| 0:20 | Construir | House |
| 0:22 | Construir | House |
| 0:24 | Construir | House |
| 0:26 | Construir | House |
| 2:07 | Crear | Villager (Male) |
| 2:42 | Crear | Villager (Male) |
| 3:12 | Crear | Villager (Male) |
| 3:24 | Construir | House |
| 3:31 | Crear | Villager (Male) |
| 4:05 | Crear | Villager (Male) |
| 4:05 | Crear | Villager (Male) |
| 4:23 | Crear | Villager (Male) |
| 4:23 | Crear | Villager (Male) |
| 5:00 | Crear | Villager (Male) |
| 5:00 | Crear | Villager (Male) |
| 5:00 | Crear | Villager (Male) |
| 5:38 | Crear | Villager (Male) |
| 5:39 | Crear | Villager (Male) |
| 5:39 | Crear | Villager (Male) |
| 5:39 | Crear | Villager (Male) |
| 7:09 | Crear | Villager (Male) |
| 7:09 | Crear | Villager (Male) |
| 7:09 | Crear | Villager (Male) |
| 7:10 | Crear | Villager (Male) |
| 7:27 | Construir | Mill |
| 8:33 | Construir | Lumber Camp |
| 8:42 | Crear | Villager (Male) |
| 8:43 | Crear | Villager (Male) |
| 8:43 | Crear | Villager (Male) |
| 8:43 | Crear | Villager (Male) |
| 9:13 | Construir | Mining Camp |
| 9:26 | Construir | Mining Camp |
| 9:56 | Crear | Villager (Male) |
| 10:45 | Crear | Villager (Male) |
| 10:46 | Crear | Villager (Male) |
| 10:46 | Crear | Villager (Male) |
| 10:46 | Crear | Villager (Male) |
| 10:46 | Crear | Villager (Male) |
| 13:01 | Crear | Villager (Male) |
| 13:01 | Crear | Villager (Male) |
| 13:02 | Crear | Villager (Male) |
| 13:06 | Investigar | Feudal Age |
| 14:41 | Construir | Farm |
| 14:46 | Construir | Farm |
| 14:50 | Construir | Farm |
| 14:53 | Construir | Farm |
| 14:57 | Construir | Farm |
| 15:01 | Construir | Farm |
| 15:04 | Construir | Farm |
| 15:07 | Construir | Farm |
| 15:12 | Construir | Farm |
| 15:15 | Construir | Farm |
| 16:26 | Edad | Edad Feudal |
| 16:36 | Construir | Market |
| 16:41 | Construir | Blacksmith |
| 16:52 | Crear | Villager (Male) |
| 16:52 | Crear | Villager (Male) |
| 17:14 | Investigar | Horse Collar |
| 17:21 | Investigar | Double-Bit Axe |
| 17:23 | Investigar | Gold Mining |
| 17:25 | Investigar | Stone Mining |
| 18:54 | Investigar | Castle Age |
| 19:47 | Construir | House |
| 19:49 | Construir | House |
| 19:51 | Construir | House |
| 19:52 | Construir | House |
| 19:55 | Construir | House |
| 19:56 | Construir | House |
| 19:58 | Construir | House |
| 20:00 | Construir | House |
| 20:06 | Construir | Stone Wall |
| 20:11 | Construir | House |
| 20:14 | Construir | House |
| 20:16 | Construir | House |
| 20:17 | Construir | House |
| 21:32 | Crear | Villager (Male) |
| 21:32 | Crear | Villager (Male) |
| 21:32 | Crear | Villager (Male) |
| 21:32 | Crear | Villager (Male) |
| 21:34 | Edad | Edad de los Castillos |
| 21:44 | Construir | Castle |
| 23:25 | Construir | Farm |
| 23:28 | Construir | Farm |
| 24:04 | Construir | Town Center |
| 25:15 | Construir | House |
| 25:17 | Construir | House |
| 25:20 | Construir | House |
| 25:25 | Investigar | Imperial Age |
| 25:50 | Investigar | Wheelbarrow |
| 25:50 | Investigar | Town Watch |
| 25:53 | Construir | Farm |
| 25:56 | Construir | Farm |
| 25:58 | Construir | Farm |
| 26:06 | Investigar | Heavy Plow |
| 26:42 | Crear | Trade Cart |
| 26:42 | Crear | Trade Cart |
| 26:42 | Crear | Trade Cart |
| 26:42 | Crear | Trade Cart |
| 26:43 | Crear | Trade Cart |
| 26:43 | Crear | Trade Cart |
| 26:44 | Crear | Trade Cart |
| 26:44 | Crear | Trade Cart |
| 26:44 | Crear | Trade Cart |
| 26:45 | Crear | Trade Cart |
| 26:45 | Crear | Trade Cart |
| 26:48 | Crear | Trade Cart |
| 26:49 | Crear | Trade Cart |
| 26:50 | Crear | Trade Cart |
| 28:14 | Investigar | Fletching |
| 28:17 | Investigar | Padded Archer Armor |
| 28:24 | Investigar | Bow Saw |
| 28:27 | Investigar | Gold Shaft Mining |
| 28:35 | Edad | Edad Imperial |
| 28:57 | Crear | Villager (Male) |
| 28:57 | Crear | Villager (Male) |
| 28:58 | Crear | Villager (Male) |
| 28:58 | Crear | Villager (Male) |
| 28:58 | Crear | Villager (Male) |
| 28:58 | Crear | Villager (Male) |
| 28:59 | Crear | Villager (Male) |
| 28:59 | Crear | Villager (Male) |
| 29:24 | Construir | Siege Workshop |
| 29:33 | Construir | Farm |
| 30:08 | Investigar | Conscription |
| 30:29 | Crear | Bombard Cannon |
| 30:30 | Crear | Bombard Cannon |
| 30:30 | Crear | Bombard Cannon |
| 30:30 | Crear | Bombard Cannon |
| 30:55 | Construir | Farm |
| 30:57 | Construir | Farm |
| 31:01 | Construir | Farm |
| 31:24 | Construir | Castle |
| 31:53 | Construir | Farm |
| 31:56 | Construir | Farm |
| 31:59 | Investigar | Hand Cart |
| 32:04 | Construir | Farm |
| 32:42 | Construir | Farm |
| 32:45 | Crear | Villager (Male) |
| 32:45 | Crear | Villager (Male) |
| 32:45 | Crear | Villager (Male) |
| 32:52 | Investigar | Two-Man Saw |
Build order — Sisu.sukha
Primeras 150 de 213 acciones detectadas
| 0:09 | Construir | House |
| 0:11 | Construir | House |
| 0:11 | Construir | House |
| 0:13 | Crear | Villager (Male) ×4 |
| 0:13 | Crear | Villager (Male) ×4 |
| 0:19 | Construir | Farm |
| 0:20 | Construir | Farm |
| 1:48 | Crear | Villager (Male) |
| 1:48 | Crear | Villager (Male) |
| 2:16 | Crear | Villager (Male) |
| 2:16 | Crear | Villager (Male) |
| 2:46 | Crear | Villager (Male) |
| 2:46 | Crear | Villager (Male) |
| 3:12 | Crear | Villager (Male) |
| 3:12 | Crear | Villager (Male) |
| 3:55 | Crear | Villager (Male) |
| 3:55 | Crear | Villager (Male) |
| 3:55 | Crear | Villager (Male) |
| 4:12 | Crear | Villager (Male) |
| 4:25 | Construir | Mining Camp |
| 4:39 | Crear | Villager (Male) |
| 5:23 | Crear | Villager (Male) |
| 5:35 | Crear | Villager (Male) |
| 5:44 | Crear | Villager (Male) |
| 5:49 | Construir | Lumber Camp |
| 6:18 | Crear | Villager (Male) |
| 6:19 | Crear | Villager (Male) |
| 6:19 | Crear | Villager (Male) |
| 7:08 | Construir | House |
| 7:09 | Construir | House |
| 7:11 | Construir | House |
| 7:12 | Construir | House |
| 7:15 | Crear | Villager (Male) |
| 8:34 | Crear | Villager (Male) |
| 8:35 | Investigar | Loom |
| 8:41 | Crear | Villager (Male) |
| 9:35 | Construir | House |
| 9:35 | Construir | House |
| 10:15 | Construir | Mining Camp |
| 10:42 | Crear | Villager (Male) |
| 10:57 | Investigar | Feudal Age |
| 10:57 | Investigar | Feudal Age |
| 11:43 | Construir | Mill |
| 13:07 | Edad | Edad Feudal |
| 13:12 | Construir | Market |
| 13:17 | Construir | Farm |
| 13:18 | Construir | Farm |
| 13:18 | Construir | Farm |
| 13:18 | Construir | Farm |
| 13:18 | Construir | Farm |
| 13:19 | Construir | Farm |
| 13:19 | Construir | Farm |
| 13:19 | Construir | Farm |
| 13:20 | Construir | Farm |
| 13:20 | Construir | Farm |
| 13:20 | Construir | Farm |
| 13:31 | Investigar | Double-Bit Axe |
| 14:26 | Construir | Farm |
| 14:26 | Construir | Farm |
| 14:27 | Construir | Farm |
| 15:06 | Construir | Mining Camp |
| 15:13 | Investigar | Stone Mining |
| 15:24 | Crear | Villager (Male) ×5 |
| 15:24 | Crear | Villager (Male) ×5 |
| 15:24 | Crear | Villager (Male) |
| 15:25 | Crear | Villager (Male) |
| 15:30 | Construir | Farm |
| 15:31 | Construir | Farm |
| 15:31 | Construir | Farm |
| 15:31 | Construir | Farm |
| 15:31 | Construir | Farm |
| 15:32 | Construir | Farm |
| 15:32 | Construir | Farm |
| 15:32 | Construir | Farm |
| 15:56 | Crear | Villager (Male) |
| 15:57 | Crear | Villager (Male) |
| 16:03 | Construir | Farm |
| 16:03 | Construir | Farm |
| 16:04 | Construir | Farm |
| 16:04 | Construir | Farm |
| 16:04 | Construir | Farm |
| 16:04 | Construir | Farm |
| 16:28 | Construir | Farm |
| 16:28 | Construir | Farm |
| 16:28 | Construir | Farm |
| 16:28 | Construir | Farm |
| 16:29 | Construir | Farm |
| 16:29 | Construir | Farm |
| 16:29 | Construir | Farm |
| 16:51 | Crear | Villager (Male) ×2 |
| 18:05 | Investigar | Wheelbarrow |
| 18:11 | Construir | Farm |
| 18:11 | Construir | Farm |
| 18:28 | Investigar | Gold Mining |
| 18:54 | Construir | Farm |
| 19:20 | Investigar | Town Watch |
| 19:34 | Investigar | Horse Collar |
| 20:53 | Construir | Blacksmith |
| 21:13 | Investigar | Castle Age |
| 21:13 | Investigar | Castle Age |
| 21:13 | Investigar | Castle Age |
| 21:38 | Investigar | Fletching |
| 21:38 | Investigar | Fletching |
| 21:38 | Investigar | Fletching |
| 21:55 | Construir | Mining Camp |
| 22:46 | Construir | Lumber Camp |
| 23:05 | Crear | Villager (Male) ×5 |
| 23:05 | Crear | Villager (Male) ×5 |
| 23:05 | Crear | Villager (Male) ×3 |
| 23:10 | Crear | Villager (Male) |
| 23:10 | Crear | Villager (Male) |
| 23:11 | Crear | Villager (Male) |
| 23:22 | Crear | Villager (Male) |
| 23:22 | Crear | Villager (Male) |
| 23:28 | Construir | Farm |
| 23:53 | Edad | Edad de los Castillos |
| 24:31 | Investigar | Bodkin Arrow |
| 26:17 | Construir | Castle |
| 26:39 | Construir | University |
| 27:03 | Construir | Castle |
| 27:28 | Investigar | Ballistics |
| 27:29 | Investigar | Murder Holes |
| 28:17 | Crear | Villager (Male) ×5 |
| 28:18 | Crear | Villager (Male) ×5 |
| 28:18 | Crear | Villager (Male) |
| 28:19 | Crear | Villager (Male) |
| 29:41 | Construir | Castle |
| 30:09 | Construir | Siege Workshop |
| 30:46 | Crear | Battering Ram |
| 30:46 | Crear | Battering Ram |
| 30:58 | Construir | Mining Camp |
| 31:17 | Crear | Villager (Male) |
| 31:18 | Crear | Villager (Male) |
| 32:49 | Construir | Mining Camp |
| 33:11 | Investigar | Scale Barding Armor |
| 33:11 | Investigar | Forging |
| 33:18 | Crear | Villager (Male) ×5 |
| 33:19 | Crear | Villager (Male) ×5 |
| 33:19 | Crear | Villager (Male) ×5 |
| 33:19 | Crear | Villager (Male) |
| 33:28 | Construir | Farm |
| 33:28 | Construir | Farm |
| 33:29 | Construir | Farm |
| 33:34 | Construir | Farm |
| 33:34 | Construir | Farm |
| 33:35 | Construir | Farm |
| 33:35 | Construir | Farm |
| 33:35 | Construir | Farm |
| 33:35 | Construir | Farm |
| 33:36 | Construir | Farm |
Cronología de la partida
| 9:51 | Mossy · age_up feudal |
| 10:54 | Rama · age_up feudal |
| 13:07 | Sisu.sukha · age_up feudal |
| 14:33 | DreadTiara79700 · age_up feudal |
| 15:42 | VianneyFroG4ME · age_up feudal |
| 16:26 | cortesz6 · age_up feudal |
| 16:56 | VianneyFroG4ME · first_building Barracks |
| 17:23 | Rama · age_up castle |
| 17:26 | DreadTiara79700 · first_market_sell 100 food |
| 17:58 | Mossy · first_building Barracks |
| 18:48 | cortesz6 · first_market_sell 100 wood |
| 18:49 | cortesz6 · first_market_buy 100 food |
| 19:18 | Mossy · age_up castle |
| 19:18 | DreadTiara79700 · first_market_buy 100 food |
| 19:41 | Sisu.sukha · first_market_buy 100 food |
| 20:03 | Rama · first_building Monastery |
| 20:06 | cortesz6 · wall_segment Stone Wall x1 |
| 20:12 | DreadTiara79700 · age_up castle |
| 20:46 | Rama · first_building Castle |
| 21:34 | cortesz6 · age_up castle |
| 21:35 | Mossy · first_building Monastery |
| 21:44 | cortesz6 · first_building Castle |
| 23:53 | Sisu.sukha · age_up castle |
| 24:02 | Sisu.sukha · first_market_sell 100 wood |
| 24:21 | VianneyFroG4ME · first_market_buy 100 wood |
| 24:23 | DreadTiara79700 · first_building Castle |
| 26:17 | Sisu.sukha · first_building Castle |
| 26:44 | VianneyFroG4ME · age_up castle |
| 27:16 | VianneyFroG4ME · first_building Castle |
| 28:07 | Rama · first_building Barracks |
| 28:32 | Rama · age_up imperial |
| 28:35 | cortesz6 · age_up imperial |
| 29:24 | Mossy · first_building Castle |
| 29:24 | cortesz6 · first_building Siege Workshop |
| 29:31 | Rama · first_building Stable |
| 30:09 | Sisu.sukha · first_building Siege Workshop |
| 31:24 | VianneyFroG4ME · resign |
| 32:17 | Rama · first_building Archery Range |
| 34:30 | DreadTiara79700 · age_up imperial |
| 34:38 | Mossy · age_up imperial |
| 35:10 | DreadTiara79700 · first_building Siege Workshop |
| 38:21 | Sisu.sukha · first_building Stable |
| 40:09 | Mossy · first_building Archery Range |
| 41:43 | cortesz6 · first_building Monastery |
| 43:23 | cortesz6 · first_building Barracks |
| 44:09 | DreadTiara79700 · first_building Barracks |
| 45:22 | cortesz6 · first_building Stable |
| 46:24 | Mossy · first_building Siege Workshop |
| 46:40 | Rama · first_market_sell 500 wood |
| 46:42 | Rama · first_market_buy 100 food |
[ ANÁLISIS IA · 1 CRÉDITO ]
¿Qué pasó realmente en esta partida?
Wolo.gg analiza cada decisión: build order, eco, micro, errores típicos por bracket. Análisis personalizado por WhatsApp o Discord en 30 segundos.
Guía civ
Aztecas
Guía mapa
Arena
Perfil
Jugador #12008229